 Dungeon Crawl Stone Soup version 0.22-a0-460-g49b1da7 (webtiles) character file.

161 Cunctator the Digger (level 5, -3/28 HPs)
             Began as a Gargoyle Earth Elementalist on June 9, 2018.
             Slain by an orc wizard
             ... wielding a +0 dagger
              (4 damage)
             ... while paralysed by Grinder
             ... on level 4 of the Dungeon.
             The game lasted 00:11:41 (3831 turns).

Cunctator the Digger (Gargoyle Earth Elementalist)  Turns: 3831, Time: 00:11:41

Health: -3/28      AC:  8    Str: 12    XL:     5   Next: 42%
Magic:  1/10       EV:  2    Int: 16    God:
Gold:   107        SH:  0    Dex: 10    Spells: 7/11 levels left

rFire    . . .     SeeInvis .   n - +0 mace
rCold    . . .     Gourm    .   (no shield)
rNeg     + . .     Faith    .   c - +0 robe
rPois    ∞         Spirit   .   v - +0 helmet
rElec    +         Reflect  .   (no cloak)
rCorr    .         Harm     .   (no gloves)
MR       .....                  u - +0 pair of boots
Stlth    ++........             (no amulet)
HPRegen  0.09/turn              (no ring)
MPRegen  0.12/turn              (no ring)

@: paralysed
A: negative energy resistance 1, electricity resistance, unbreathing,
petrification resistance, rot immunity, AC +4
a: no special abilities


You were on level 4 of the Dungeon.
You were not hungry.

You visited 1 branch of the dungeon, and saw 4 of its levels.

You collected 107 gold pieces.

Inventory:

Hand Weapons
 a - a +0 club
 g - a +0 whip
 n - a +0 mace (weapon)
 r - a +0 mace of protection
Missiles
 b - 140 stones (quivered)
 l - 18 sling bullets
 o - 5 tomahawks
Armour
 c - a +0 robe (worn)
 m - a +0 leather armour
 u - a +0 pair of boots (worn)
 v - a +0 helmet (worn)
Jewellery
 f - a +3 ring of intelligence {unknown}
Scrolls
 e - a scroll of blinking {unknown}
 j - a scroll of noise {unknown}
 k - a scroll of amnesia {unknown}
 s - a scroll of magic mapping {unknown}
 t - 3 scrolls of remove curse {unknown}
Potions
 h - a potion of cancellation {unknown}
 i - a potion of curing {unknown}
 q - 2 potions of magic {unknown}
Comestibles
 d - 4 rations
 p - 3 chunks of flesh


   Skills:
 - Level 1.7 Dodging
 - Level 2.1 Stealth
 + Level 3.5 Spellcasting
 + Level 1.5 Conjurations
   Level 0.7 Transmutations
 + Level 5.4 Earth Magic


You had 7 spell levels left.
You knew the following spells:

 Your Spells              Type           Power        Failure   Level  Hunger
a - Sandblast             Erth           ###...       1%          1    None
b - Stone Arrow           Conj/Erth      ##....       13%         3    ###....

Your spell library contained the following spells:

 Spells                   Type           Power        Failure   Level  Hunger
 Passwall                 Tmut/Erth      ##......     8%          2    ##.....
 Lee's Rapid Deconstruct  Erth           ###.......   45%         5    ######.
 Petrify                  Tmut/Erth      ##......     45%         4    ####...


Dungeon Overview and Level Annotations

Branches:
Dungeon (4/15)
 Temple: D:4-7

Altars:
Gozag
Makhleb
Nemelex Xobeh
Uskayaw
Wu Jian

Shops:
D:4 ?

Annotations:
D:4 Grinder; Wanace's ghost, novice MiFi


Innate Abilities, Weirdness & Mutations

You are resistant to torment.
Your stone body is resilient. (AC +4)
You are immune to poison.
You resist negative energy. (rN+)
You are resistant to electric shocks. (rElec)
You can survive without breathing.
You are immune to petrification.
You are immune to rotting.


Message History

The orc wizard casts a spell at you. You resist with some effort.
You see here a club.
The orc wizard hits you but does no damage.
You closely miss the orc wizard.
The orc wizard mumbles some strange words.
The orc wizard flickers and vanishes!
Deactivating autopickup; reactivate with Ctrl-A.
Grinder gestures at you.
You suddenly lose the ability to move!
The orc hits you but does no damage.
Your magical contamination has completely faded away.
Something hits you but does no damage. The orc hits you but does no damage.
Something hits you but does no damage. Grinder gestures at you.
You shrug off the repeated paralysis!
The orc barely misses you. Something hits you.
* * * LOW HITPOINT WARNING * * *
Grinder blinks!
The orc hits you but does no damage. Something hits you.
You die...

##.###..#####.....#
#.##..## ##....#
#.###?# #.##..# #.#
#.# #.# ## #.#
#.### #.#
#W###...### #.#
#.<####.).# ##.
##.## ###5# # #...#
#@# ##.#'# #{o#
##.>+∩'. ..##
##.###'#.# ..##
##.## .W.W..# ##.##
## ##. #..### #.
###..# # ####


You could see Grinder and an orc.

Vanquished Creatures
  A worker ant (D:4)
  7 adders
  An ooze (D:2)
  2 leopard geckos
  7 orcs
  9 bats
  A giant cockroach (D:3)
  6 goblins
  9 hobgoblins
  4 jackals (D:3)
  5 kobolds
  A quokka (D:2)
  4 frilled lizards
  3 rats
60 creatures vanquished.

Notes
Turn   | Place    | Note
-------+----------+-------------------------------------------
     0 | D:1      | Cunctator the Gargoyle Earth Elementalist began the quest for the Orb.
     0 | D:1      | Reached XP level 1. HP: 10/10 MP: 3/3
   242 | D:1      | Reached XP level 2. HP: 15/15 MP: 3/5
   270 | D:1      | Reached skill level 4 in Earth Magic
   633 | D:1      | Found a sparkling altar of Nemelex Xobeh.
   874 | D:2      | Reached XP level 3. HP: 10/19 MP: 6/6
   884 | D:2      | Learned a level 3 spell: Stone Arrow
  1436 | D:2      | Reached XP level 4. HP: 12/24 MP: 6/8
  1667 | D:2      | Found an ornate altar of the Wu Jian Council.
  1679 | D:2      | Found a hide-covered altar of Uskayaw.
  2036 | D:2      | Reached skill level 5 in Earth Magic
  2534 | D:3      | Found a burning altar of Makhleb.
  2551 | D:3      | Found an opulent altar of Gozag.
  2924 | D:3      | Reached skill level 1 in Conjurations
  2924 | D:3      | Reached XP level 5. HP: 28/28 MP: 5/10
  3588 | D:4      | Noticed Wanace's ghost (novice MiFi)
  3604 | D:4      | Found Zogon's Magic Scroll Emporium.
  3702 | D:4      | Noticed Grinder
  3801 | D:4      | Paralysed by Grinder for 6 turns
  3827 | D:4      | Paralysed by Grinder for 5 turns
  3830 | D:4      | HP: 1/28 [something (2)]
  3831 | D:4      | Slain by an orc wizard

Vault maps used:
D:1:      saegor_arrival_simple_e, nemelex_xobeh_ov_fountains_minmay
D:2:      lemuel_crystal_altar, lemuel_round_altar, serial_curves,
          eino_curves_03, eino_curves_03, st_stairs_8
D:3:      grunt_gozag_breadcrumbs, old_standard_altar
D:4:      cheibrodos_thug_alley, serial_shops, nicolae_shop_behind_doors,
          uniq_grinder, uniq_blork_the_orc

Skill      XL: |  1  2  3  4 |
---------------+-------------+-----
Earth Magic    | 4 5 |  5.4
Spellcasting   | 3 |  3.5
Conjurations   | 1 |  1.5
Dodging        | |  1.7
Stealth        | |  2.1
Transmutations | |  0.7

Action                   |  1- 3 |  4- 6 || total
-------------------------+-------+-------++-------
Melee: Unarmed           |    12 |       ||    12
       Club              |     6 |       ||     6
       Whip              |    75 |    27 ||   102
       Mace              |       |    57 ||    57
 Cast: Sandblast         |    21 |    28 ||    49
       Stone Arrow       |       |    10 ||    10
  Eat: Chunk             |     1 |     6 ||     7
       Ration            |       |     1 ||     1
Armor: Robe              |    47 |    64 ||   111
Dodge: Dodged            |    91 |    79 ||   170

Table legend:
 A = Spawn XP
 B = Non-spawn XP
 C = Spawn XP percentage of total XP
 D = Spawn monster count
 E = Non-spawn monster count
 F = Spawn count percentage of total count
 G = Total turns spent on level
                    A         B        C        D         E        F      G
               +---------+---------+-------+---------+---------+-------+---------
         Total |       0 |     230 |   0.0 |       0 |      60 |   0.0 |  3831
               +---------+---------+-------+---------+---------+-------+---------
           D:1 |       0 |      29 |   0.0 |       0 |      17 |   0.0 |   838
           D:2 |       0 |      89 |   0.0 |       0 |      14 |   0.0 |  1666
           D:3 |       0 |      70 |   0.0 |       0 |      24 |   0.0 |  1078
           D:4 |       0 |      42 |   0.0 |       0 |       5 |   0.0 |   249
               +---------+---------+-------+---------+---------+-------+---------
